 Dungeon Crawl Stone Soup version 0.29.1-2-gbd0b4ee654 (webtiles) character file.

Game seed: 1296666248325425714

4 croobank the Caller (level 1, 0/7 HPs)
             Began as a Felid Summoner on Oct 24, 2022.
             Slain by a quokka (4 damage)
             ... on level 1 of the Dungeon.
             The game lasted 00:01:06 (117 turns).

croobank the Caller (Felid Summoner)                 Turns: 117, Time: 00:01:07

Health: 0/7        AC:  1    Str:  4    XL:     1   Next: 58%
Magic:  2/4        EV: 17    Int: 16    God:
Gold:   0          SH:  0    Dex: 16    Spells: 3/4 levels left
                                        Lives:  0   Deaths: 0

rFire   . . .      SeeInvis +   (weapon unavailable)
rCold   . . .      Faith    .   (shield unavailable)
rNeg    . . .      Spirit   .   (body armour unavailable)
rPois   .          Reflect  .   (helmet unavailable)
rElec   .          Harm     .   (cloak unavailable)
rCorr   .          Rampage  .   (gloves unavailable)
Will    .....                   (boots unavailable)
Stlth   ++........              (no amulet)
HPRegen 0.02/turn               (no ring)
MPRegen 0.09/turn               (no ring)

@: quick
A: very small, claws 1, fangs 3, see invisible, speed 1, shaggy fur 1, stealthy
paws, no weapons or thrown items, no armour, multi-lived
a: no special abilities


You were on level 1 of the Dungeon.
You visited 1 branch of the dungeon, and saw 1 of its levels.

Inventory:

Scrolls
 c - a scroll of immolation {unknown}
Potions
 a - a potion of magic
 b - a potion of invisibility {unknown}


   Skills:
 + Level 2.8 Dodging
 + Level 2.9 Stealth
 + Level 2.1 Spellcasting
 + Level 4.0 Summonings


You had 3 spell levels left.
You knew the following spells:

 Your Spells              Type           Power      Damage    Failure   Level
a - Summon Small Mammal   Summ           56%        N/A       3%          1

Your spell library contained the following spells:

 Spells                   Type           Power      Damage    Failure   Level
 Call Imp                 Summ           14%        N/A       6%          2
 Call Canine Familiar     Summ           14%        N/A       12%         3
 Slow                     Hex            4%         N/A       21%         1
 Summon Guardian Golem    Hex/Summ       8%         N/A       26%         3
 Poisonous Vapours        Pois/Air       2%         N/A       30%         2
 Confusing Touch          Hex            1%         N/A       52%         3
 Vampiric Draining        Necr           1%         2d6       52%         3
 Summon Lightning Spire   Summ/Air       8%         N/A       65%         4
 Corpse Rot               Necr/Pois/Air  1%         N/A       90%         4


Dungeon Overview and Level Annotations

Branches:
Dungeon (1/15)

Altars:


Innate Abilities, Weirdness & Mutations

You have sharp claws.
You have razor-sharp teeth.
You have supernaturally acute eyesight. (SInv)
You cover ground quickly. (Speed+)
You are covered in fur. (AC +1)
Your paws help you pounce on unaware monsters.
You are incapable of wielding weapons or throwing items.
You cannot wear armour.
You gain extra lives every three experience levels.


Message History

The endoplasm hits your quokka.
Your quokka dies!
Your quokka's corpse disappears in a puff of smoke!
Your quokka misses the quokka.
Your quokka closely misses the quokka.
You scratch the quokka but do no damage.
The quokka misses you.
The endoplasm barely misses your quokka.
You scratch the quokka.
The quokka is heavily wounded.
Your quokka bites the endoplasm.
The quokka bites you but does no damage.
The endoplasm misses your quokka.
You closely miss the quokka.
The quokka is heavily wounded.
Your quokka barely misses the endoplasm.
The quokka bites you but does no damage.
The endoplasm hits your quokka.
Your quokka bites the endoplasm but does no damage.
The quokka barely misses you.
You closely miss the quokka.
The quokka is heavily wounded.
The endoplasm hits your quokka. The quokka barely misses you.
Your quokka bites the endoplasm.
You scratch the quokka but do no damage.
The quokka is heavily wounded.
The endoplasm hits your quokka.
Your quokka bites the endoplasm.
The endoplasm dies!
The quokka bites you but does no damage.
Casting: Summon Small Mammal (safe; 3% risk of failure)
Confirm with . or Enter, or press ? or * to list all spells.
Your quokka barely misses the quokka.
The quokka bites you.
You miss the quokka.
The quokka is heavily wounded.
Your quokka closely misses the quokka.
The quokka barely misses you.
You barely miss the quokka.
The quokka is heavily wounded.
Your quokka closely misses the quokka.
The quokka bites you.
Ouch! That really hurt!
You die...

.....# #.#..# #.#..#
###.#..### #.[......##
#.#.).....# #.######..# #.#
#..# ###.# #.# ####@r#......
#########.# #....rr.....#
..........# #.##..#.#####
#........### ###########
#.≈≈≈.....####..().....####
#.≈)≈r...##...............##
#.≈≈b...........⌠...⌠......+
....†...###...⌠.........⌠...##
.######.##.........≈.........#


You could see a quokka (ally target) and 2 friendly quokkas.

Vanquished Creatures
  A hobgoblin (D:1)
1 creature vanquished.

Vanquished Creatures (collateral kills)
  An endoplasm (D:1)
  A ball python (D:1)
  A kobold (D:1)
  A rat (D:1)
4 creatures vanquished.

Grand Total: 5 creatures vanquished

Notes
Turn   | Place    | Note
-------+----------+-------------------------------------------
     0 | D:1      | croobank the Felid Summoner began the quest for the Orb.
     0 | D:1      | Reached XP level 1. HP: 7/7 MP: 4/4
   117 | D:1      | Slain by a quokka

Illustrated notes

Levels and vault maps discovered:
D:1:      dpeg_arrival_stone_temple_mockup, layout_loops_ring,
          ebering_ecumenical_altar_hall, serial_shops, nicolae_shop_stone,
          corexii_item_surrounded_by_moat, nrook_loot_triangle, minmay_cupped

Action                   || total
-------------------------++-------
Melee: Unarmed           ||     8
       Bite              ||     1
 Cast: Summon Small Mamm ||     7
Armor: Skin              ||     3
Dodge: Dodged            ||     4
